 Dungeon Crawl Stone Soup version 0.30.1-4-g462c640d31 (webtiles) character file.

Game seed: 4780076910283528808

30 leafyfresh the Changer (level 3, -9/23 HPs)
             Began as an Octopode Transmuter on Aug 13, 2023.
             Mangled by Terence
             ... wielding a +0 flail
              (12 damage)
             ... on level 2 of the Dungeon.
             The game lasted 00:01:13 (1435 turns).

leafyfresh the Changer (Octopode Transmuter)        Turns: 1435, Time: 00:01:14

Health: -9/23      AC:  1    Str:  9    XL:     3   Next: 18%
Magic:  5/6        EV: 13    Int: 15    God:
Gold:   92         SH:  0    Dex: 14    Spells: 5/6 levels left

rFire   . . .        i - +0 dagger
rCold   . . .        (no shield)
rNeg    . . .        (helmet currently unavailable)
rPois   .            (no amulet)
rElec   .            (no ring)
rCorr   .            (no ring)
SInv    .            (no ring)
Will    .....        (no ring)
Stlth   ++           (no ring)
HPRegen 0.23/turn    (no ring)
MPRegen 0.10/turn    (no ring)
                     (no ring)

%: no passive effects
@: appendages (expiring)
A: tentacle spike 3, almost no armour, amphibious, 8 rings, camouflage 1,
gelatinous body 1, (nimble swimmer 1), tentacles
a: End Transformation


You were on level 2 of the Dungeon.
One of your tentacles had grown a beastly spike.
You visited 1 branch of the dungeon, and saw 2 of its levels.

You collected 92 gold pieces.

Inventory:

Hand Weapons
 i - a +0 dagger (weapon)
Scrolls
 b - 4 scrolls of vulnerability {unknown}
 d - a scroll of enchant weapon {unknown}
 e - a scroll of magic mapping {unknown}
 f - a scroll of identify {unknown}
 g - a scroll of torment {unknown}
 h - 2 scrolls of teleportation {unknown}
Potions
 a - a potion of lignification
 c - a potion of attraction {unknown}
 j - a potion of mutation {unknown}
 k - a potion of ambrosia {unknown}


   Skills:
 - Level 1.0 Fighting
 - Level 2.0 Dodging
 - Level 3.0 Unarmed Combat
 - Level 2.0 Spellcasting
 + Level 3.5 Transmutations


You had 5 spell levels left.
You knew the following spells:

 Your Spells              Type           Power      Damage    Failure   Level
a - Beastly Appendage     Tmut           24%        N/A       5%          1

Your spell library contained the following spells:

 Spells                   Type           Power      Damage    Failure   Level
 Wereblood                Tmut           12%        N/A       8%          2
 Sublimation of Blood     Necr           1%         N/A       32%         2
 Spider Form              Tmut/Pois      6%         N/A       32%         3
 Ice Form                 Ice/Tmut       6%         N/A       71%         4
 Summon Hydra             Summ           0%         N/A       100%        7


Dungeon Overview and Level Annotations

Branches:
Dungeon (2/15)

Altars:

Annotations:
D:2 Terence


Innate Abilities, Weirdness & Mutations

One of your tentacles has grown a beastly spike.
You cannot wear most types of armour.
You are amphibious.
You can wear up to eight rings at the same time.
Your skin changes colour to match your surroundings (Stealth+).
Your rubbery body absorbs attacks. (AC +1, EV +1)
((You are camouflaged when in or above water. (Stealth+)))
You have tentacles for arms and can constrict up to eight enemies at once.


Message History

Terence the Incautious comes into view.
He is wielding a +0 flail, wearing a +0 scale mail of fire resistance and carrying a wand of light (9).
Terence is nearby!
Terence is nearby!
Terence zaps a wand.
The bolt of light misses you.
Terence is nearby!
Casting: Beastly Appendage (safe; 5% risk of failure)
Confirm with . or Enter, or press ? or * to list all spells.
One of your tentacles grows a vicious spike.
Unknown command.
You hit Terence but do no damage. You grab Terence.
You constrict Terence, but do no damage.
Terence closely misses you.
You hit Terence but do no damage.
You constrict Terence, but do no damage.
Terence misses you.
You hit Terence.
Terence is lightly wounded.
You constrict Terence. Terence barely misses you.
You completely miss Terence.
Terence is lightly wounded.
You constrict Terence, but do no damage.
Terence barely misses you.
You hit Terence.
You pierce Terence, but do no damage.
You squeeze Terence, but do no damage.
Terence is lightly wounded.
You constrict Terence. Terence hits you with a +0 flail!
You completely miss Terence. You squeeze Terence.
Terence is moderately wounded.
You constrict Terence, but do no damage.
Terence hits you with a +0 flail.
You hit Terence.
You pierce Terence.
Terence is heavily wounded.
You constrict Terence. Terence hits you with a +0 flail.
* * * LOW HITPOINT WARNING * * *
You hit Terence but do no damage. You squeeze Terence, but do no damage.
Terence is severely wounded.
Your transformation is almost over.
You constrict Terence. Terence hits you with a +0 flail!
Ouch! That really hurt!
You die...

..# #....# ..#
##....### ..#
#.......# ..#
#.......# ..#
#.......######## ).#
#....<......$..# .
..##
#..............#...
##.#
#.....<†...........
#.# #..........@@..#.
#.# #..............#
#.#......#.#.##..#.#
#.#.####.#.#.##....?.
#.# ....#.#.....#...
#.# #......#.#.### #.
#.# .......#. .# ##.#
#. .# ...#


You could see Terence.

Vanquished Creatures
  A worm (D:2)
  A dart slug (D:1)
  2 ball pythons
  7 bats
  3 endoplasms
  A goblin (D:1)
  A hobgoblin (D:1)
  2 jackals (D:2)
  A frilled lizard (D:1)
  A kobold (D:1)
  6 rats
26 creatures vanquished.

Notes
Turn   | Place    | Note
-------+----------+-------------------------------------------
     0 | D:1      | leafyfresh the Octopode Transmuter began the quest for the
                  | Orb.
     0 | D:1      | Reached XP level 1. HP: 13/13 MP: 3/3
   147 | D:1      | Reached XP level 2. HP: 18/18 MP: 5/5
   264 | D:1      | Found a faded altar of an unknown god.
  1401 | D:2      | Reached XP level 3. HP: 23/23 MP: 4/6
  1423 | D:2      | Noticed Terence
  1435 | D:2      | Mangled by Terence

Illustrated notes

Levels and vault maps discovered:
D:1:      ncdulo_halloftheorcs, layout_loops_corners, basic_ecumenical_altar
D:2:      layout_basic, uniq_terence

Skill      XL: |  1  2 |
---------------+-------+-----
Transmutations | 3 |  3.5
Fighting       | |  1.0
Dodging        | |  2.0
Unarmed Combat | |  3.0
Spellcasting   | |  2.0

Action                     || total
---------------------------++-------
  Melee: Unarmed           ||    35
         Constrict         ||    15
         Tentacles         ||    14
         Dagger            ||    29
         Kick              ||     7
   Cast: Beastly Appendage ||     5
   Stab: Sleeping          ||     5
 Armour: Skin              ||    10
  Dodge: Dodged            ||    53
